Map: King Sejong Station LE

Players

Kelazhur - Winner!

  • Race: Terran Terran

JonSnow

  • Race: Zerg Zerg
  • League: Grandmaster

Event: SpawningTool Invitational 1

VOD

https://www.youtube.com/watch?v=y051JGJX31k

Description

Time

  • Played on: May 30, 2016, 9:01 p.m.
  • Length: 11:50

All games in this series

Show
View Real Time Build Order
Export as new Build Order

Kelazhur Terran - Winner!

Build Orders: Liberator Opening, Reaper Expand, MMM Bio 

Get SALT Encoding   

  12  0:00  SCV  
  13  0:13  SCV  
  14  0:17  Supply Depot  
  14  0:25  SCV  
  15  0:38  SCV  
  15  0:40  Barracks  
  16  0:44  Refinery  
  16  0:50  SCV  
  17  1:03  SCV  
  18  1:15  SCV  
  19  1:27  Reaper, Orbital Command  
  20  1:39  Command Center  
  20  1:48  Supply Depot  
  20  1:53  SCV  
  21  1:58  Refinery  
  21  1:59  Barracks Reactor  
  21  2:05  SCV  
  22  2:14  Bunker  
  22  2:17  SCV  
  22  2:22  Factory  
  23  2:29  SCV  
  24  2:36  Marine x2  
  26  2:41  SCV  
  26  2:53  SCV  
  26  2:54  Marine, Reaper  
  29  3:05  SCV  
  29  3:08  Orbital Command  
  29  3:10  Starport  
  30  3:12  Factory Reactor  
  30  3:13  Marine  
  31  3:24  SCV  
  31  3:25  Supply Depot  
  31  3:26  Marine  
  33  3:31  Marine  
  34  3:36  SCV  
  34  3:38  SCV  
  34  3:41  Liberator  
  35  3:44  Marine  
  36  3:48  Marine, SCV  
  36  3:50  SCV  
  36  3:51  Supply Depot  
  39  3:58  Medivac  
  39  4:00  SCV  
  39  4:01  Factory Tech Lab  
  39  4:02  SCV  
  46  4:12  SCV  
  46  4:14  SCV  
  46  4:15  Marine x2  
  49  4:17  Engineering Bay  
  49  4:19  Engineering Bay  
  49  4:24  SCV  
  49  4:26  SCV  
  51  4:37  SCV  
  52  4:41  Barracks  
  52  4:42  SCV  
  52  4:43  Barracks, Factory Reactor  
  53  4:49  SCV  
  54  4:54  Marine, SCV, Stimpack  
  54  4:55  Terran Infantry Weapons Level 1, Terran Infantry Armor Level 1  
  56  5:01  SCV  
  56  5:06  SCV  
  58  5:10  Refinery  
  58  5:11  Refinery  
  58  5:13  SCV  
  58  5:14  Marine  
  60  5:18  SCV  
  61  5:24  Supply Depot  
  61  5:25  SCV  
  62  5:30  Barracks  
  62  5:31  Command Center  
  62  5:32  Barracks  
  62  5:35  Factory Reactor  
  62  5:45  Marine x3  
  62  5:46  Supply Depot, SCV x2  
  68  5:55  Marine  
  68  5:56  Medivac  
  70  5:59  Medivac, SCV  
  70  6:01  Supply Depot  
  70  6:02  SCV  
  70  6:07  Marine x2  
  70  6:11  Supply Depot, Armory  
  72  6:12  SCV  
  72  6:13  Marine x2  
  72  6:16  Marine  
  76  6:22  Barracks Reactor  
  76  6:24  Supply Depot, SCV  
  77  6:25  Marine  
  77  6:28  Marine, Marauder  
  77  6:29  Marine  
  77  6:31  Factory Tech Lab  
  82  6:44  Marine x3  
  82  6:45  Medivac x2  
  89  6:48  Supply Depot, Marine x2  
  89  6:50  Marine  
  89  6:53  Marauder  
  94  6:55  Orbital Command  
  94  7:00  Terran Infantry Weapons Level 2  
  94  7:02  Marine  
  94  7:04  Terran Infantry Armor Level 2  
  94  7:06  Marine x2  
  97  7:15  Marine x5  
  102  7:25  Marine  
  102  7:26  Marauder  
  104  7:30  Siege Tank  
  104  7:35  Medivac x2  
  103  7:46  Marine  
  103  7:47  Marine x3, Marauder  
  103  7:48  Marine x4  
  112  7:54  Orbital Command  
  112  8:04  Marine  
  112  8:05  Marine, Medivac x2  
  113  8:13  Marine  
  113  8:14  Marine x4, Marauder  
  113  8:15  SCV x2  
  113  8:19  Terran Vehicle Weapons Level 1  
  122  8:20  Supply Depot  
  122  8:22  Siege Tank  
  125  8:29  SCV  
  125  8:32  SCV  
  125  8:36  Marine  
  125  8:37  Marine, Combat Shields  
  125  8:38  Marine  
  125  8:40  Marine x2  
  125  8:44  SCV x2  
  125  8:46  Marine x3  
  125  8:47  Marauder  
  125  8:48  Refinery  
  129  8:54  Marine  
  129  8:55  Marine  
  130  9:01  Marine  
  128  9:09  SCV x2  
  129  9:11  Barracks x2  
  129  9:12  Barracks  
  129  9:15  Marine  
  129  9:16  Marine x5, Marauder  
  124  9:22  Supply Depot, Siege Tank  
  127  9:30  Marine  
  128  9:33  SCV x3  
  128  9:36  Command Center  
  128  9:37  Factory, Marine  
  132  9:39  Marine  
  132  9:43  Marine x6  
  132  9:45  Supply Depot  
  139  9:46  Supply Depot  
  139  9:48  Marine  
  139  9:57  Marine  
  140  10:00  Marine  
  140  10:06  Marine x5  
  148  10:07  Marauder  
  148  10:10  Supply Depot  
  148  10:11  Supply Depot  
  148  10:13  Supply Depot, Marine x2  
  148  10:14  Medivac x2  
  154  10:15  Supply Depot, Siege Tank  
  156  10:28  Marine  
  156  10:31  Marine x5  
  156  10:32  Marine, Marauder  
  156  10:33  Marine x2  
  166  10:36  Marine  
  166  10:39  Marine  
  148  10:46  Marine  
  148  10:49  Marine x6  
  141  10:51  Marine  
  141  10:53  Marauder  
  141  10:54  Siege Tank  
  141  10:55  Factory Tech Lab  
  144  11:15  Marauder  
  144  11:17  Marine x7  
  151  11:30  Marine  
  147  11:50  Missile Turret  
Show
View Real Time Build Order
Export as new Build Order

JonSnow Zerg 

Build Orders: Pool First 

Get SALT Encoding   

  12  0:00  Drone  
  13  0:13  Overlord  
  13  0:17  Drone  
  14  0:31  Drone x2  
  14  0:35  Drone  
  17  0:48  Drone, Spawning Pool  
  17  0:56  Extractor  
  16  0:59  Drone  
  17  1:13  Drone  
  18  1:22  Hatchery  
  17  1:34  Zergling x4  
  17  1:36  Queen  
  21  1:46  Drone  
  22  2:02  Metabolic Boost, Overlord  
  22  2:20  Queen  
  22  2:22  Drone x3  
  27  2:40  Drone x2  
  29  2:46  Drone x3  
  29  2:47  Drone  
  29  2:48  Drone  
  34  2:57  Queen  
  35  2:58  Drone  
  35  3:04  Overlord  
  36  3:09  Pneumatized Carapace  
  36  3:11  Overlord  
  36  3:16  Overlord  
  36  3:24  Zergling x2  
  36  3:25  Zergling x2  
  38  3:28  Zergling x4  
  38  3:30  Drone x2  
  41  3:42  Drone  
  41  3:45  Drone x2  
  41  3:48  Drone  
  45  3:49  Hatchery  
  44  3:57  Drone x4  
  48  4:12  Roach Warren  
  47  4:18  Spore Crawler  
  47  4:20  Extractor, Drone x7  
  47  4:22  Extractor  
  51  4:27  Drone x2  
  51  4:29  Queen  
  55  4:37  Overlord  
  55  4:44  Spore Crawler  
  54  4:56  Roach x3, Drone  
  54  4:57  Overlord, Roach x2  
  54  4:59  Extractor, Drone x2  
  66  5:04  Drone x2  
  66  5:06  Lair  
  68  5:12  Drone x2  
  69  5:14  Drone  
  69  5:17  Ravager  
  71  5:22  Ravager  
  71  5:24  Overlord  
  71  5:30  Ravager  
  72  5:36  Drone x7  
  72  5:40  Evolution Chamber x2  
  77  5:47  Drone  
  77  5:48  Drone x4  
  79  5:59  Overlord  
  76  6:06  Glial Reconstitution  
  76  6:07  Zerg Missile Weapons Level 1  
  76  6:11  Overlord  
  76  6:12  Extractor, Drone x4  
  76  6:16  Roach x3  
  86  6:18  Drone x2  
  86  6:21  Zerg Ground Armor Level 1  
  86  6:22  Extractor  
  86  6:31  Roach x2  
  86  6:32  Roach  
  92  6:36  Zergling x2  
  92  6:37  Zergling x2  
  92  6:38  Roach x2  
  98  6:43  Roach  
  100  6:54  Roach x3  
  106  6:55  Overlord  
  106  6:56  Overlord  
  106  6:58  Overlord x2  
  106  7:02  Overlord  
  106  7:15  Roach x6  
  118  7:17  Overseer  
  118  7:19  Roach  
  118  7:22  Roach  
  118  7:27  Roach  
  118  7:29  Roach x2  
  112  7:30  Roach  
  112  7:37  Roach x6  
  118  7:42  Overlord  
  118  7:44  Queen, Roach x3  
  126  7:49  Roach  
  122  7:54  Roach x2  
  122  7:57  Drone x4  
  126  8:00  Infestation Pit  
  126  8:01  Drone  
  126  8:11  Drone x4  
  126  8:12  Hatchery  
  127  8:14  Drone x2  
  127  8:16  Ravager  
  127  8:17  Overlord, Ravager x3  
  133  8:22  Queen  
  133  8:25  Roach  
  133  8:26  Roach  
  139  8:33  Roach x2  
  139  8:34  Roach  
  145  8:35  Overlord  
  144  8:41  Roach x2  
  144  8:42  Roach  
  144  8:45  Hatchery  
  149  8:53  Zerg Ground Armor Level 2  
  149  8:54  Zerg Melee Weapons Level 1  
  149  8:55  Zergling x6  
  152  8:58  Queen  
  152  9:02  Roach x3  
  156  9:06  Roach  
  154  9:12  Roach x2  
  154  9:15  Hive  
  156  9:18  Zergling x6  
  159  9:29  Drone x2  
  161  9:32  Overlord x3  
  161  9:40  Overlord  
  161  9:47  Overlord  
  161  9:51  Overlord  
  161  9:52  Infestor x2  
  163  9:53  Queen  
  163  9:57  Queen  
  163  9:58  Roach  
  163  9:59  Roach x3  
  176  10:05  Zergling x4, Ravager x2  
  176  10:06  Ravager x2  
  182  10:11  Drone x2  
  182  10:12  Zergling x6  
  187  10:15  Overlord  
  187  10:20  Roach x3  
  193  10:24  Overlord  
  189  10:35  Zergling x12  
  183  10:39  Ultralisk Cavern  
  183  10:42  Zergling x4  
  164  10:47  Zergling x2  
  164  10:48  Zergling x2  
  133  11:04  Zergling x12  
  128  11:14  Roach x2  
  128  11:15  Roach, Hatchery  
  119  11:19  Ravager x4  
  119  11:23  Zergling x6  
Tags
 
Add a new tag
Caveats
  • Supply blocks, unpowered buildings, or Contaminate may cause inaccurate times.
  • Supply counts are checked every 10 seconds.